 Dungeon Crawl Stone Soup version 0.29.1-12-g30fa7ad0bf (webtiles) character file.

Game seed: 10407190323119917454

3 hawla the Firebug (level 1, -3/14 HPs)
             Began as a Meteoran Fire Elementalist on Jan 13, 2023.
             Slain by a goblin
             ... wielding a +0 club
             ... led by Robin
              (4 damage)
             ... on level 4 of the Dungeon.
             The game lasted 00:01:09 (123 turns).

hawla the Firebug (Meteoran Fire Elementalist)       Turns: 123, Time: 00:01:09

Health: -3/14      AC:  2    Str:  9    XL:     1   Next: 71%
Magic:  5/5        EV: 12    Int: 16    God:
Gold:   27         SH:  0    Dex: 14    Spells: 4/5 levels left

rFire   . . .      SeeInvis .   (no weapon)
rCold   . . .      Faith    .   (no shield)
rNeg    . . .      Spirit   .   a - +0 robe
rPois   .          Reflect  .   (no helmet)
rElec   .          Harm     .   (no cloak)
rCorr   .          Rampage  .   (no gloves)
Will    .....                   (no boots)
Stlth   +.........              (no amulet)
HPRegen 0.04/turn               (no ring)
MPRegen 0.09/turn               (no ring)

@: glowing
A: sense surroundings 1, otherworldly, glowing, explore regen
a: no special abilities


You were on level 4 of the Dungeon.
You visited 1 branch of the dungeon, and saw 4 of its levels.

You collected 27 gold pieces.

Inventory:

Armour
 a - a +0 robe (worn)
Potions
 b - a potion of magic


   Skills:
 + Level 2.4 Dodging
 - Level 1.4 Stealth
 + Level 2.6 Spellcasting
 + Level 1.5 Conjurations
 + Level 3.8 Fire Magic


You had 4 spell levels left.
You knew the following spells:

 Your Spells              Type           Power      Damage    Failure   Level
a - Foxfire               Conj/Fire      40%        2x1d6     6%          1

Your spell library contained the following spells:

 Spells                   Type           Power      Damage    Failure   Level
 Scorch                   Fire           28%        2d6       6%          2
 Conjure Flame            Conj/Fire      10%        6-21      19%         3
 Inner Flame              Hex/Fire       8%         N/A       26%         3
 Flame Wave               Conj/Fire      10%        2d6       54%         4


Dungeon Overview and Level Annotations

Branches:
Dungeon (3/15) Zot: 2276

Altars:

Annotations:
D:4 Robin


Innate Abilities, Weirdness & Mutations

You passively map a small area around you.
You are easily found by Zot.
You glow in the dark.
You regain HP and MP as you explore.


Message History

Robin and 4 goblins come into view.
Found a scroll labelled IGERCH NOAPLABUALI.
The goblin shouts! x3; You hear a shout! x2
An orc comes into view. It is wielding a +0 dagger.
Robin roars a battlecry!
The goblins go into a battle-frenzy!
The goblin moves out of view. x2
Casting: Foxfire (safe; 7% risk of failure)
Confirm with . or Enter, or press ? or * to list all spells.
You miscast Foxfire.
You are very lightly contaminated with residual magic.
Nothing appears to happen.
A goblin comes into view. It is wielding a +0 club.
Unknown command.
Casting: Foxfire (safe; 7% risk of failure)
Confirm with . or Enter, or press ? or * to list all spells.
You conjure some foxfire!
The foxfire hits the goblin.
The goblin is severely wounded.
As you read the scroll labelled HUHOHA HATIW, it crumbles to dust.
It is a scroll of identify.
You don't have any unidentified items.
The foxfire hits the goblin.
You kill the goblin!
A goblin comes into view. It is wielding a +0 dagger.
A goblin comes into view. It is wielding a +0 club.
A hobgoblin comes into view.
The hobgoblin shouts!
The goblin attacks as you move away! The goblin hits you with a +0 dagger.
The orc attacks as you move away! The orc misses you.
The goblin attacks as you move away! The goblin hits you with a +0 dagger.
The orc attacks as you move away! The orc hits you but does no damage.
Robin throws the goblin at you! The goblin hits you with a +0 dagger.
Your magical contamination has completely faded away.
You aren't carrying any scrolls.
Robin throws the goblin at you! The goblin completely misses you. x2
You closely miss the goblin. The orc hits you but does no damage.
The goblin hits you with a +0 dagger.
* * * LOW HITPOINT WARNING * * *
The goblin hits you with a +0 club.
You die...

* ..#.#* , * #.#.#
,# * #.#.# .### ,
#.#.####..... , , ,,
, #........#*,# , ,
, #..##.##.#...* , .
#..#.g.#.....
....###gg..g.)...?.#
......g@o#...g##..##
,....####.##..#g.#
g. . , ......#..# *
, , *###.##g.##.., ,
,, .#........,, * ,
* ........#.. * ,* ,
.#...#.# , , *.## ,
** , *


You could see Robin, an orc and 4 goblins.

Vanquished Creatures
  A goblin (D:4)
  A kobold (D:2)
  A rat (D:2)
3 creatures vanquished.

Vanquished Creatures (others)
  9 foxfires
9 creatures vanquished.

Grand Total: 12 creatures vanquished

Notes
Turn   | Place    | Note
-------+----------+-------------------------------------------
     0 | D:1      | hawla the Meteoran Fire Elementalist began the quest for
                  | the Orb.
     0 | D:1      | Reached XP level 1. HP: 14/14 MP: 5/5
   107 | D:3      | You fall into a shaft and drop 1 floor!
   114 | D:4      | Noticed Robin
   123 | D:4      | Slain by a goblin

Illustrated notes

Levels and vault maps discovered:
D:1:      lemuel_arrival_muddy, layout_basic
D:2:      wander_river, layout_basic, minivault_26, uniq_sigmund
D:3:      kennysheep_slugbush, layout_loops_corners,
          mainiacjoe_overflow_boulevard,
          dreamdust_ecumenical_altar_drowned_temple, serial_shops,
          nicolae_shop_stone, uniq_natasha, uniq_crazy_yiuf_cottage
D:4:      minmay_inner_zag, layout_basic, kennysheep_small_spiral,
          hangedman_decor_clover_reticule, minmay_crystal_room,
          eino_tiny_chamber, uniq_robin

Action                   || total
-------------------------++-------
Melee: Unarmed           ||     4
 Cast: Foxfire           ||     6
  Use: Scroll            ||     1
Armor: Robe              ||     2
Dodge: Dodged            ||     6
